 Dungeon Crawl Stone Soup version 0.19.4-8-ga85b6b9 (webtiles) character file.

144 dngmouse the Ruffian (level 5, 0/40 HPs)
             Began as a Minotaur Transmuter on Feb 11, 2017.
             Slain by an orc priest
             ... wielding a +0 mace
              (8 damage)
             ... on level 3 of the Dungeon.
             The game lasted 00:07:05 (1818 turns).

dngmouse the Ruffian (Minotaur Transmuter)          Turns: 1818, Time: 00:07:05

Health: 0/40       AC:  3    Str: 14 (15) XL:     5   Next: 5%
Magic:  15/15      EV: 12    Int:  9 (10) God:
Gold:   91         SH:  0    Dex: 10 (11) Spells: 2 memorised, 3 levels left

rFire  . . .     SeeInvis .       - Unarmed
rCold  . . .     Gourm    .     b - +0 robe
rNeg   . . .     Faith    .     (no shield)
rPois  .         Spirit   .     (helmet restricted)
rElec  .         Reflect  .     (no cloak)
rCorr  .         Harm     .     h - +0 pair of gloves
MR     .....                    (boots currently unavailable)
Stlth  +.........               o - amulet of magic regeneration
                                (no ring)
                                g - ring of magical power

@: lethally poisoned (0 -> -1), appendage (expiring), very slightly
contaminated, hasted, very quick
A: retaliatory headbutt, horns 2, talons 3
a: End Transformation


You were on level 3 of the Dungeon.
You were not hungry.
You had grown temporary talons.
You visited 1 branch of the dungeon, and saw 3 of its levels.

You collected 91 gold pieces.

Inventory:

Missiles
 a - 56 arrows
Armour
 b - a +0 robe (worn)
 h - a +0 pair of gloves (worn)
Jewellery
 g - a ring of magical power (left hand)
 o - an amulet of magic regeneration (around neck)
Scrolls
 e - 2 scrolls of enchant weapon
 i - a scroll of identify
 l - a scroll of magic mapping {unknown}
 p - a scroll of teleportation {unknown}
 q - a scroll of amnesia {unknown}
Potions
 j - a potion of haste
Books
 c - a book of Changes

   Spells                             Type                      Level
   a - Beastly Appendage              Transmutation                1
   b - Sticks to Snakes               Transmutation                2
   c - Spider Form                    Transmutation/Poison         3
   d - Ice Form                       Ice/Transmutation            4
   e - Blade Hands                    Transmutation                5
Comestibles
 d - 4 bread rations
 f - 4 chunks of flesh
 k - a slice of pizza


   Skills:
 - Level 1.2 Fighting
 + Level 2.5 Dodging
 * Level 5.5 Unarmed Combat
 - Level 1.3 Spellcasting
 + Level 2.5 Transmutations


You had 3 spell levels left.
You knew the following spells:

 Your Spells              Type           Power        Failure   Level  Hunger
a - Beastly Appendage     Tmut           #.....       14%         1    ##.....
b - Sticks to Snakes      Tmut           #.......     21%         2    ###....


Dungeon Overview and Level Annotations

Branches:
Dungeon (3/15)

Altars:


Innate Abilities, Weirdness & Mutations

You reflexively headbutt those who attack you in melee.
You have a pair of horns on your head.
You have claws for feet.


Message History

You are too injured to fight recklessly!
Unknown command.
You are too injured to fight recklessly!
It was a potion of degeneration.
There was something very wrong with that liquid.
You feel weakened.
You feel dopey.
You feel clumsy.
Your transformation is almost over.
The bat closely misses you. The bat misses you. You furiously retaliate!
You headbutt the bat!
You kill the bat!
The orc hits you.
* * * LOW HITPOINT WARNING * * *
You are too injured to fight recklessly!
Unknown command.
You punch the orc!
You kill the orc!
You hit the orc priest. Your kick misses the orc priest.
The orc priest is lightly wounded.
The orc priest hits you with a mace!
You die...

#.# # #(#
#.###.####
#.#......
.###.....#####
.....#(#.....#
......))(S....#
.####..##o#####.##.
.......[@.....>..
..########.###.## #
..........#..#
#######......#
#..........#.#.
#.####.........
#.......#..
#.......# .
#.......#


You could see an orc priest and an adder.

Vanquished Creatures
  An orc wizard (D:3)
  Terence (D:2)
  3 adders (D:2)
  2 worms (D:3)
  A dart slug (D:1)
  An orc (D:3)
  3 bats
  3 giant cockroaches (D:1)
  4 goblins
  10 hobgoblins
  4 jackals (D:1)
  8 kobolds
  A ball python (D:2)
  4 frilled lizards
  8 rats
54 creatures vanquished.

Notes
Turn   | Place    | Note
-------+----------+-------------------------------------------
     0 | D:1      | dngmouse the Minotaur Transmuter began the quest for the Orb.
     0 | D:1      | Reached XP level 1. HP: 16/16 MP: 1/1
   252 | D:1      | Reached XP level 2. HP: 22/23 MP: 0/3
   262 | D:1      | Reached skill level 4 in Unarmed Combat
   266 | D:1      | Learned a level 2 spell: Sticks to Snakes
   690 | D:1      | Reached XP level 3. HP: 28/28 MP: 4/4
  1215 | D:2      | Noticed Terence
  1229 | D:2      | Killed Terence
  1229 | D:2      | Reached skill level 5 in Unarmed Combat
  1229 | D:2      | Reached XP level 4. HP: 21/35 MP: 5/5
  1802 | D:3      | Reached XP level 5. HP: 22/40 MP: 6/6
  1818 | D:3      | Slain by an orc priest

Skill      XL: |  1  2  3 |
---------------+----------+-----
Unarmed Combat | 4 5 |  5.5
Transmutations | 2 |  2.5
Fighting       | |  1.2
Dodging        | |  2.5
Spellcasting   | |  1.3

Action                   |  1- 3 |  4- 6 || total
-------------------------+-------+-------++-------
Melee: Unarmed           |    93 |    62 ||   155
       Kick              |    15 |    12 ||    27
       Headbutt          |    13 |     5 ||    18
 Cast: Beastly Appendage |    25 |    11 ||    36
  Use: Scroll            |       |     2 ||     2
       Potion            |       |     3 ||     3
  Eat: Chunk             |     2 |     2 ||     4
Armor: Robe              |    10 |    15 ||    25
Dodge: Dodged            |    56 |    44 ||   100
